[Event "Early-Titled-Tuesday-Blitz-April-16-2024"]
[Site "Chess.com"]
[Date "2024.04.16"]
[Round "7"]
[White "Devil_Sun"]
[Black "Eloist"]
[Result "1-0"]
[WhiteElo "2629"]
[BlackElo "2487"]
[TimeControl "180+1"]
[EndTime "9:21:47 PDT"]
[Termination "Devil_Sun won on time"]

1. d4 e6 2. c4 Nf6 3. Nf3 b6 4. g3 Bb7 5. Bg2 Be7 6. O-O O-O 7. Nc3 Ne4 8. Bd2 f5 9. d5 Bf6 10. Rc1 Na6 11. Qc2 Nac5 12. Rfd1 a5 13. Be1 Qe7 14. Nd4 Nd6 15. Ncb5 Nxb5 16. Nxb5 d6 17. b3 e5 18. a3 a4 19. b4 Nb3 20. Rb1 Bc8 21. e3 f4 22. Nc3 Bg4 23. f3 Bd7 24. e4 Nd4 25.
Qd3 h5 26. Ne2 Nxe2+ 27. Qxe2 g5 28. g4 hxg4 29. fxg4 Kg7 30. h3 Rh8 31. Rbc1 Rac8 32. Bf2 Kg6 33. c5 bxc5 34. bxc5 Rb8 35. cxd6 cxd6 36.
Rc7 Qd8 37. Rdc1 Rb1 38. Qc4 Rxc1+ 39. Qxc1 Bb5 40. Bb6 Qb8 41. Ba5 Re8 42. Bb4 Re7 43. Bxd6 Qb6+ 44. Qc5 Qxc5+ 45. Rxc5 Rd7 46. Rxb5 Rxd6 47.
Ra5 1-0

[Event "Early-Titled-Tuesday-Blitz-April-16-2024"]
[Site "Chess.com"]
[Date "2024.04.16"]
[Round "7"]
[White "abc_xyz4744"]
[Black "aljado"]
[Result "1-0"]
[WhiteElo "2397"]
[BlackElo "2148"]
[TimeControl "180+1"]
[EndTime "9:21:47 PDT"]
[Termination "abc_xyz4744 won on time"]

1. e4 c5 2. Nf3 e6 3. d4 cxd4 4. Nxd4 Bc5 5. Nc3 a6 6. Be3 Bb6 7. Be2 Ne7 8. f4 d5 9. e5 O-O 10. Bd3 Nbc6 11. Nce2 Nxd4 12. Nxd4 Nc6 13. c3 Nxd4 14.
cxd4 Ba5+ 15. Bd2 Bxd2+ 16. Qxd2 f6 17. O-O Bd7 18. Qe2 f5 19. Rac1 Qb6 20. Qf2 Rac8 21.
Rfd1 Rc6 22. Rc5 Rxc5 23. dxc5 Qb4 24. a3 Qb3 25. Bc2 Qc4 26. b4 Qc3 27. Rd3 Qa1+ 28. Bd1 Ba4 29. Qe2 Bxd1 30. Qxd1 Qb2 31. h3 Rc8 32. Qd2 Qxd2 33. Rxd2 Kf7 34. Kf2 Ke7 35. Ke3 Kd7 36. Kd4 Kc6 37. a4 b5 38. axb5+ Kxb5 39. Rb2 Rb8 40. g4 Kc6 41. Kc3 g6 42. Ra2 Ra8 43. Ra5 Kc7 44. b5 Kb7 45. b6 1-0

[Event "Early-Titled-Tuesday-Blitz-April-16-2024"]
[Site "Chess.com"]
[Date "2024.04.16"]
[Round "7"]
[White "ferdipy"]
[Black "amanjazu"]
[Result "1-0"]
[WhiteElo "2307"]
[BlackElo "2522"]
[TimeControl "180+1"]
[EndTime "9:21:48 PDT"]
[Termination "ferdipy won on time"]

1. e4 Nf6 2. e5 Nd5 3. d4 d6 4. Nf3 g6 5. Be2 Bg7 6. O-O O-O 7. exd6 cxd6 8. c4 Nb6 9. b3 Bg4 10. Bb2 Nc6 11. Na3 d5 12. c5 Nc8 13. Nc2 e6 14. b4 a6 15. a4 N8e7 16. b5 axb5 17. axb5 Na5 18. Ne3 Bxf3 19. Bxf3 Nf5 20. Nxf5 gxf5 21. Be2 Qh4 22. g3 Qf6 23. Bc3 Nc4 24. Rxa8 Rxa8 25.
Bxc4 dxc4 26. Qe2 Ra4 27. Rc1 Qd8 28. Qb2 Qd5 29. Qc2 Ra8 30. Rd1 h5 31. Qe2 f4 32.
gxf4 Kh7 33. f3 Rg8 34. Kf2 Bf6 35. Qe4+ Kh6 36. Qxd5 exd5 37. Ra1 Bh4+ 38. Ke3 Re8+ 39. Kd2 Bf2 40. Ra7 Be3+ 41. Kc2 Rb8 42. Bd2 Bxd4 43. f5+ Kg7 44. Bf4 Rc8 45. Rxb7 Rxc5 46. Bd6 Rc8 47.
Rd7 Bf6 48. Bf4 d4 49. b6 d3+ 50. Kc1 c3 51. Rxd3 1-0

[Event "Early-Titled-Tuesday-Blitz-April-16-2024"]
[Site "Chess.com"]
[Date "2024.04.16"]
[Round "7"]
[White "Gumugama"]
[Black "noblerone"]
[Result "1-0"]
[WhiteElo "2240"]
[BlackElo "2501"]
[TimeControl "180+1"]
[EndTime "9:21:48 PDT"]
[Termination "Gumugama won on time"]

1. e4 c5 2. Nf3 e6 3. d4 cxd4 4. Nxd4 Qb6 5. Nb3 Qc7 6. Nc3 a6 7. Qe2 b5 8. a3 Bb7 9. g3 Be7 10. Bg2 d6 11. O-O Nf6 12. f4 O-O 13. e5 Nd5 14. Nxd5 Bxd5 15. Bxd5 exd5 16. e6 Qc4 17.
exf7+ Rxf7 18. Re1 Nc6 19. Be3 Bf6 20. Rab1 d4 21.
Bf2 Rc8 22. Nd2 Qxe2 23. Rxe2 Na5 24. Ne4 Be7 25. Bxd4 Nc4 26. Nc3 Bf6 27. Bxf6 Rxf6 28. Nd5 Rf7 29. Ne7+ Rxe7 30. Rxe7 Nd2 31. Rd1 Nc4 32. b3 Nxa3 33. Rxd6 Nxc2 34. Rdd7 a5 35. Rxg7+ Kh8 36. Rxh7+ Kg8 37. Rdg7+ Kf8 38. Ra7 Kg8 39. Rhg7+ Kf8 40. Rgc7 Rxc7 41. Rxc7 Nd4 42. Rc8+ Ke7 43. Rc5 Kd6 44. Rh5 Kc6 45. f5 Nxb3 46. f6 Kd6 47. f7 Ke7 48. Rxb5 a4 49. Rb4 Nc5 50. Rb5 Nd3 51.
Ra5 1-0

[Event "Early-Titled-Tuesday-Blitz-April-16-2024"]
[Site "Chess.com"]
[Date "2024.04.16"]
[Round "7"]
[White "artin10862"]
[Black "GeorgiosSouleidis"]
[Result "1-0"]
[WhiteElo "2934"]
[BlackElo "2657"]
[TimeControl "180+1"]
[EndTime "9:21:49 PDT"]
[Termination "artin10862 won on time"]

1. e4 c5 2. Nf3 e6 3. d4 cxd4 4. Nxd4 Nf6 5. Nc3 Nc6 6. Nxc6 bxc6 7. e5 Nd5 8. Ne4 Qc7 9. f4 Qb6 10. c4 Ne3 11. Qd3 Bb4+ 12. Bd2 Ba6 13. b3 O-O 14. Ng5 g6 15. Ne4 Nd5 16. O-O-O f5 17. exf6 Nxf6 18. h4 Bxd2+ 19. Rxd2 d5 20. Ng5 dxc4 21. Qc3 cxb3 22. Bxa6 Qxa6 23. Qxb3 Nd5 24. Re1 Rxf4 25. Nxe6 Qc4+ 26.
Qxc4 Rxc4+ 27. Kb2 Rb8+ 28. Ka1 Rxh4 29. Rc1 Rb6 30. Ng5 h6 31. Nf3 Rhb4 32. Rdc2 Ne7 33. Ne5 g5 34. Nd7 Rb7 35. Nc5 R7b5 36. Nd3 Rd4 37. Nc5 Kf7 38. Nb3 Rd7 39. Rf2+ Kg6 40. Rfc2 Rd6 41. Nc5 a5 42. Ne4 Re6 43. Nc5 Rf6 44.
Ne4 Rf4 45. Nd2 Rf2 46. Re1 Nf5 47. Rxc6+ Kh5 48. Ne4 1-0

[Event "Early-Titled-Tuesday-Blitz-April-16-2024"]
[Site "Chess.com"]
[Date "2024.04.16"]
[Round "7"]
[White "JJDAREK"]
[Black "Tol_Tol"]
[Result "1-0"]
[WhiteElo "2321"]
[BlackElo "2401"]
[TimeControl "180+1"]
[EndTime "9:21:49 PDT"]
[Termination "JJDAREK won on time"]

1. d4 Nf6 2. c4 g6 3. Nc3 Bg7 4. e4 O-O 5. Nf3 d6 6. Be2 e5 7. d5 a5 8. Bg5 h6 9. Bh4 Na6 10. Nd2 Nc5 11. O-O Bd7 12. Qc2 Qe8 13. b3 Nfxe4 14.
Ndxe4 Nxe4 15. Nxe4 f5 16. f3 fxe4 17. fxe4 Rf4 18. Bg3 g5 19. Rac1 b6 20. a3 h5 21.
b4 axb4 22. axb4 Qg6 23. Bd3 Rxf1+ 24. Rxf1 Bf6 25. c5 bxc5 26. bxc5 h4 27. Be1 Be7 28. c6 Bg4 29. h3 Bh5 30. Be2 g4 31. hxg4 Bxg4 32.
Bxg4 Qxg4 33. Kh2 Bg5 34. Bd2 Qg3+ 35. Kh1 h3 36. Bxg5 Qxg5 37. gxh3 Ra3 38. Qg2 Rg3 39. Qh2 Kh7 40. Rg1 Rxg1+ 41. Qxg1 Qh4 42. Qg4 Qe1+ 43. Kg2 Qd2+ 44. Kg3 Qe3+ 45. Kh4 Qf2+ 46. Kg5 Qf7 47. Qf5+ Kg7 48. Qxf7+ Kxf7 49. h4 1-0

[Event "Early-Titled-Tuesday-Blitz-April-16-2024"]
[Site "Chess.com"]
[Date "2024.04.16"]
[Round "7"]
[White "kuba2006"]
[Black "Andrei_Skvortsov"]
[Result "1-0"]
[WhiteElo "2553"]
[BlackElo "2641"]
[TimeControl "180+1"]
[EndTime "9:21:50 PDT"]
[Termination "kuba2006 won by resignation"]

1. e4 c5 2. Nf3 d6 3. d4 cxd4 4. Qxd4 Nf6 5. Nc3 Nc6 6. Bb5 Bd7 7. Bxc6 Bxc6 8. Bg5 e5 9. Qd3 h6 10. Bxf6 Qxf6 11. O-O-O Qd8 12. Nd2 Qd7 13. Nc4 O-O-O 14. Ne3 g6 15. Kb1 Kb8 16. Ncd5 Bg7 17. Nc4 f5 18. f3 fxe4 19. fxe4 Rhf8 20. Rhf1 Qg4 21. Rxf8 Bxf8 22. Nce3 Qe6 23. Rf1 Bg7 24. Qe2 Rf8 25.
Rxf8+ Bxf8 26. Qf3 Bg7 27. b3 a6 28. Qf2 Be8 29. Qd2 h5 30. Qa5 Qd7 31. Nc4 Bf7 32. a4 Be6 33. Ncb6 Qc6 34. Qd2 Qe8 35. Qg5 Bf8 36.
Qf6 Bxd5 37. Nxd5 Kc8 38. Ka2 b5 39. a5 Kb7 40. Kb2 Kc8 41. h3 Kb7 42. g4 hxg4 43.
hxg4 Kc8 44. g5 Kd7 45. Qf2 Qd8 46. Qa7+ Ke6 47. Qxa6 Qxg5 48. Qxb5 Qd8 49. a6 g5 50. a7 1-0

[Event "Early-Titled-Tuesday-Blitz-April-16-2024"]
[Site "Chess.com"]
[Date "2024.04.16"]
[Round "7"]
[White "Nf3c5"]
[Black "aanshnerurkar"]
[Result "1-0"]
[WhiteElo "2618"]
[BlackElo "2421"]
[TimeControl "180+1"]
[EndTime "9:21:55 PDT"]
[Termination "Nf3c5 won on time"]

1. e4 c5 2. Nc3 g6 3. d4 cxd4 4. Qxd4 Nf6 5. Be3 Nc6 6. Qd2 Bg7 7. f3 d6 8. Nge2 O-O 9. h4 Ne5 10. Nf4 Be6 11. h5 Bc4 12. hxg6 fxg6 13. Nd3 Nxd3+ 14. Bxd3 Bxd3 15. Qxd3 Qa5 16. O-O-O Rac8 17. Bd4 a6 18. Kb1 Qb4 19. g4 Qc4 20. Qd2 b5 21. g5 b4 22.
gxf6 bxc3 23. Qh2 exf6 24. Qxh7+ Kf7 25. Rh6 cxb2 26. Qxg6+ Kg8 27. Qh7+ Kf7 28. Rxf6+ Ke8 29. Qg6+ Rf7 30. Re6+ Kf8 31. Bxg7+ Rxg7 32. Qf6+ Kg8 33. c3 Qxc3 34. Re8+ Rxe8 35. Qxc3 Rf8 36. Kxb2 Rg2+ 37. Ka1 Rg3 38. Qc4+ Kg7 39. Qd4+ Kg8 40. Qxd6 Rgxf3 41. Rg1+ Kf7 42. Qd5+ Ke7 43. Rg7+ R8f7 44. Rxf7+ Rxf7 45. Qb7+ Kf6 46. Qxa6+ Ke5 47. Qc4 1-0

[Event "Early-Titled-Tuesday-Blitz-April-16-2024"]
[Site "Chess.com"]
[Date "2024.04.16"]
[Round "7"]
[White "cristiano78"]
[Black "chess123456s"]
[Result "0-1"]
[WhiteElo "2283"]
[BlackElo "2604"]
[TimeControl "180+1"]
[EndTime "9:21:55 PDT"]
[Termination "chess123456s won by resignation"]

1. d4 Nf6 2. c4 e6 3. Nf3 b6 4. g3 Bb7 5. Bg2 Be7 6. O-O O-O 7. Nc3 Ne4 8. Qc2 f5 9. Nxe4 Bxe4 10. Qc3 d6 11. Rd1 Nd7 12. b3 Bf6 13. Bb2 Qe7 14.
Ne1 Bxg2 15. Nxg2 a5 16. Nf4 Rae8 17. Qe3 Qf7 18. h4 e5 19. dxe5 Nxe5 20. Qd2 Ng4 21. Bxf6 Qxf6 22. Nd5 Qf7 23. f3 Ne5 24. Kf2 Kh8 25. Nf4 Qd7 26. Qc3 Qc6 27. Rd5 Nd7 28. Rad1 Nc5 29. a3 Qd7 30. b4 axb4 31. axb4 Ne6 32. Qd2 Nxf4 33. Qxf4 Qe6 34. R1d2 Ra8 35. Qd4 f4 36. g4 Rae8 37. c5 Qe3+ 38. Kf1 dxc5 39.
bxc5 Qb3 40. cxb6 cxb6 41. Rd7 Qb1+ 42. Kf2 Rg8 43. Qxf4 Ref8 44. Rf7 Re8 45. Rdd7 Qc2 46. Qd2 Qc5+ 47. Qd4 Qc2 48. Qd3 Qc5+ 49. Kg2 Qe5 50.
e4 Ra8 51. f4 Ra2+ 52. Kf3 Qb2 53. e5 Ra3 54. Qxa3 Qxa3+ 55. Ke4 Qb4+ 56. Kf5 Qb1+ 57. Ke6 Qg6+ 58. Ke7 Qxg4 59. Rf8 Qxh4+ 60. Kf7 Qxf4+ 0-1

[Event "Early-Titled-Tuesday-Blitz-April-16-2024"]
[Site "Chess.com"]
[Date "2024.04.16"]
[Round "7"]
[White "FaustinoOro"]
[Black "Leo_C"]
[Result "1-0"]
[WhiteElo "2939"]
[BlackElo "2661"]
[TimeControl "180+1"]
[EndTime "9:22:00 PDT"]
[Termination "FaustinoOro won by resignation"]

1. e4 e5 2. Nf3 Nc6 3. Bb5 Nge7 4.
O-O Ng6 5. c3 d5 6. exd5 Qxd5 7.
Ba4 Bg4 8. Bb3 Qd3 9. Bxf7+ Kd8 10. h3 Bh5 11. g4 Bc5 12. gxh5 Nf4 13. Kh2 Qf5 14.
Ng1 Qxf7 15. Qg4 Nd3 16. Qf3 Qxf3 17. Nxf3 Rf8 18. Ng5 Kd7 19. Ne4 Be7 20. Na3 Rf4 21.
f3 Bxa3 22. bxa3 Raf8 23. Kg2 Ne7 24. a4 Nf5 25. Ba3 Rf7 26. Ng5 Rf6 27. Nxh7 Rh6 28. Nf8+ Kc6 29. Ng6 Rxa4 30. Bf8 Rxh5 31. Kh2 Rg5 32.
Rg1 Rxg1 33. Kxg1 Kd7 34. Nh8 Ke6 35. Kh2 Rh4 36. Ng6 Rh6 37. Rg1 Kf7 38. Bxg7 Nxg7 39. Ne7 Kxe7 40. Rxg7+ Kd6 41. Kg3 Nf4 42. h4 Rg6+ 43.
Rxg6+ Nxg6 44. Kg4 Ke6 45. Kg5 Kf7 46. h5 Nf4 47. h6 Ne6+ 48. Kf5 Nc5 49. Kxe5 c6 50. Kd6 Nd3 51. Kc7 b5 52. Kxc6 Nc1 53. a3 a6 54. Kb6 Nb3 55. d4 Nd2 56. Kxa6 Nc4 57. Kxb5 Nxa3+ 58. Kc6 Kg6 59. d5 Nc4 60. d6 Ne5+ 61. Kc7 1-0

[Event "Early-Titled-Tuesday-Blitz-April-16-2024"]
[Site "Chess.com"]
[Date "2024.04.16"]
[Round "7"]
[White "tsaruk_maks"]
[Black "FuenfgegenWilly"]
[Result "1-0"]
[WhiteElo "2722"]
[BlackElo "2463"]
[TimeControl "180+1"]
[EndTime "9:22:00 PDT"]
[Termination "tsaruk_maks won on time"]

1. e4 e5 2. Nf3 Nc6 3. Bb5 a6 4. Ba4 d6 5. O-O Bg4 6. h3 h5 7. d3 b5 8. Bb3 Nd4 9. Nbd2 Qf6 10. Bd5 c6 11. Nxd4 Bxd1 12. Bxc6+ Kd8 13. Bxa8 exd4 14.
Rxd1 g5 15. e5 Qg7 16. Ne4 g4 17. Bg5+ Be7 18. Bxe7+ Nxe7 19. exd6 Nf5 20. h4 Nxh4 21. Re1 Nf5 22. Re2 h4 23. Rae1 g3 24. f4 h3 25.
gxh3 Rxh3 26. Ng5 Rh8 27. Bc6 Nxd6 28. Re7 Kc8 29. Rd7 Rd8 30. Ree7 Rxd7 31. Rxd7 Nf5 32. Rxf7 Qh6 33. Bd7+ Kb8 34. Rh7 Qf6 35. Kg2 Qd6 36. Nh3 Ne3+ 37. Kxg3 Qg6+ 38. Ng5 Nf5+ 39. Bxf5 Qxf5 40.
Re7 Qc5 41. Re2 Qd5 42. b3 Qh1 43. Nf3 Kc7 44. Re1 Qh6 45. f5 Qg7+ 46. Kf4 Kd6 47.
Re6+ Kc5 48. Rg6 Qc7+ 49. Kg4 Kb4 50. f6 Qd7+ 51. Kf4 Qd6+ 52. Ne5 Qe6 53. f7 Qe7 54. Nc6+ Kc3 55. Nxe7 Kxc2 56. f8=Q 1-0

[Event "Early-Titled-Tuesday-Blitz-April-16-2024"]
[Site "Chess.com"]
[Date "2024.04.16"]
[Round "7"]
[White "AmanteDeMoi"]
[Black "AndrewB92"]
[Result "1-0"]
[WhiteElo "2598"]
[BlackElo "2459"]
[TimeControl "180+1"]
[EndTime "9:22:01 PDT"]
[Termination "AmanteDeMoi won on time"]

1. Nf3 d5 2. e3 c5 3. b3 Nc6 4. Bb2 Nf6 5. Be2 Bg4 6. O-O Qc7 7. d4 cxd4 8. Nxd4 Bxe2 9. Qxe2 e5 10. Nxc6 bxc6 11. c4 Bd6 12. cxd5 cxd5 13. Nc3 Qb7 14. Rfd1 Rd8 15. Nb5 Bb8 16. Ba3 a6 17. Nc3 Bd6 18.
Bxd6 Rxd6 19. Rd3 O-O 20. Rad1 Rfd8 21. Na4 d4 22. exd4 exd4 23. Qe5 Qe4 24. Qxe4 Nxe4 25. Rc1 f5 26. Rc4 Nc3 27. Nxc3 dxc3 28. Rxd6 Rxd6 29. g3 Rd2 30. a4 c2 31. Kg2 Kf7 32. b4 Ke6 33. Kf3 Kd5 34. Rc8 Kd4 35. Kg2 Kd3 36.
b5 axb5 37. axb5 Rd1 38. b6 c1=Q 39. Rd8+ Ke4 40. Re8+ Kd5 41. b7 Rg1+ 42. Kh3 Qf1+ 43. Kh4 Qc4+ 44. f4 Rh1 45. Re5+ Kc6 46. b8=Q Rxh2+ 47.
Kg5 h6+ 48. Kg6 1-0

[Event "Early-Titled-Tuesday-Blitz-April-16-2024"]
[Site "Chess.com"]
[Date "2024.04.16"]
[Round "7"]
[White "Acva-Alenok"]
[Black "Bulatova_Kamaliya"]
[Result "1-0"]
[WhiteElo "2323"]
[BlackElo "2401"]
[TimeControl "180+1"]
[EndTime "9:22:01 PDT"]
[Termination "Acva-Alenok won on time"]

1. d4 Nf6 2. c4 e6 3. Nf3 c5 4. d5 d6 5. dxe6 Bxe6 6. b3 g6 7. Bb2 Bg7 8. e4 O-O 9. Nbd2 Nc6 10. Be2 Re8 11. O-O Bg4 12. h3 Bxf3 13. Bxf3 Nxe4 14.
Bxg7 Nxd2 15. Bxc6 bxc6 16. Qxd2 Kxg7 17. Rad1 Re6 18.
f4 Rf6 19. Qc3 Qd7 20. f5 g5 21. Rd3 Re8 22. Rg3 h6 23. h4 Re5 24. hxg5 Rfxf5 25. gxh6+ Kh7 26. Qd3 Kxh6 27. Rh3+ Kg7 28. Qg3+ Rg5 29. Qh4 Kf8 30. Qh8+ Ke7 31. Rxf7+ Kxf7 32. Rh7+ Ke6 33.
Rxd7 Kxd7 34. Qh7+ Kc8 35. Qh8+ Kb7 36. Qh7+ Kb6 37. Qd7 Re1+ 38. Kf2 Ree5 39. Qxd6 Ref5+ 40. Kg1 Rg4 41. Qd8+ Kb7 42. Qd7+ Kb6 43. Qxf5 Ka5 44. Qc8 Kb6 45. Qb8+ Ka6 46. Qc8+ Kb6 47. Qxg4 1-0

[Event "Early-Titled-Tuesday-Blitz-April-16-2024"]
[Site "Chess.com"]
[Date "2024.04.16"]
[Round "7"]
[White "CrushingKings"]
[Black "Khromkin"]
[Result "1-0"]
[WhiteElo "2605"]
[BlackElo "2379"]
[TimeControl "180+1"]
[EndTime "9:22:02 PDT"]
[Termination "CrushingKings won on time"]

1. Nf3 c5 2. g3 Nc6 3. d4 cxd4 4. Nxd4 g6 5. Bg2 Bg7 6. Nb3 d6 7. O-O h5 8. c4 h4 9. Nc3 hxg3 10. hxg3 Bh3 11. c5 Qd7 12. Qd5 Nf6 13. Bxh3 Qxh3 14. Qg2 Qxg2+ 15. Kxg2 dxc5 16. Nxc5 b6 17. Nd3 O-O 18.
Bg5 Rfd8 19. Rfd1 Rd7 20. Rac1 Rad8 21. Bxf6 Bxf6 22. Ne4 Nb4 23. Nxf6+ exf6 24. Rc3 Nxd3 25. Rcxd3 Rxd3 26. Rxd3 Rc8 27. Rd2 Kf8 28. Kf3 Ke7 29. e3 Ke6 30. Ke4 f5+ 31. Kf3 Rc4 32. b3 Rc1 33. e4 Rc3+ 34. Kf4 fxe4 35. Kxe4 Rc5 36.
g4 Re5+ 37. Kf4 g5+ 38. Kf3 Rd5 39. Rc2 Rd4 40. Rc7 a5 41. Rc6+ Rd6 42. Rc8 Rd2 43.
Rb8 Rxa2 44. Rxb6+ Ke7 45. Rb5 Rb2 46. Ke3 Kf6 47.
f3 Ra2 48. Ke4 a4 49. Rb6+ Kg7 50. Kf5 axb3 51. Kxg5 Rb2 52. f4 Rb1 53. Rb7 b2 54.
f5 1-0

[Event "Early-Titled-Tuesday-Blitz-April-16-2024"]
[Site "Chess.com"]
[Date "2024.04.16"]
[Round "7"]
[White "ActorXu"]
[Black "NovoselovRoman"]
[Result "1-0"]
[WhiteElo "2837"]
[BlackElo "2590"]
[TimeControl "180+1"]
[EndTime "9:22:03 PDT"]
[Termination "ActorXu won by checkmate"]

1. e4 c5 2. Nf3 d6 3. Bb5+ Bd7 4.
Bxd7+ Qxd7 5. c4 Nf6 6. Nc3 e6 7. d4 cxd4 8. Nxd4 a6 9. O-O Qc7 10. Qe2 Nbd7 11. Bd2 Ne5 12. b3 Be7 13. Rac1 O-O 14.
f3 Rfd8 15. Be3 Nc6 16. Rfd1 h6 17. Qf2 Rd7 18. Nd5 Qd8 19. Nxc6 bxc6 20. Nb6 Rb8 21.
Nxd7 Nxd7 22. c5 d5 23. exd5 exd5 24. Bd4 Qa5 25. Rc2 Rb5 26. Rdc1 Bf8 27. h3 h5 28. Kh1 Qb4 29. Qe3 Rb8 30. Rd1 a5 31. Qg5 a4 32. Qxh5 axb3 33. axb3 Qxb3 34. Rdc1 Qd3 35.
Bg1 Rb4 36. Ra2 Rc4 37. Re1 Rc2 38. Rxc2 Qxc2 39. Qg4 Nxc5 40. Re8 Ne6 41. Qg3 c5 42. Qd6 d4 43. f4 d3 44. f5 d2 45. fxe6 d1=Q 46.
Qxf8+ Kh7 47. Qg8+ Kh6 48. exf7 Qf1 49. Qh8+ Kg6 50.
Re6+ Kf5 51. f8=Q+ Kxe6 52. Qxf1 c4 53. Qe8+ Kd5 54. Qff7+ Kd6 55. Qee6# 1-0

[Event "Early-Titled-Tuesday-Blitz-April-16-2024"]
[Site "Chess.com"]
[Date "2024.04.16"]
[Round "7"]
[White "ChessSwole"]
[Black "CD3m"]
[Result "1-0"]
[WhiteElo "2677"]
[BlackElo "2341"]
[TimeControl "180+1"]
[EndTime "9:22:03 PDT"]
[Termination "ChessSwole won on time"]

1. d4 d5 2. Bf4 Nf6 3. e3 c5 4.
Nf3 Nc6 5. Nbd2 e6 6. c3 Nh5 7. Bg5 Qb6 8. Rb1 h6 9. Bh4 g5 10. Bg3 Nxg3 11. hxg3 Bg7 12. Bd3 f5 13. g4 O-O 14.
gxf5 exf5 15. O-O c4 16. Be2 Qc7 17. b3 b5 18. a4 a6 19. axb5 axb5 20. bxc4 bxc4 21.
Rb5 Be6 22. Rc5 Qd7 23. Nxc4 dxc4 24. d5 Qd6 25. Rxc6 Qxd5 26. Rc7 Qxd1 27. Rxd1 Bxc3 28. Bxc4 Bxc4 29. Rxc4 Bf6 30. Rc5 Ra1 31. Rxa1 Bxa1 32. g3 Kg7 33. Nd2 Kg6 34. Nc4 Bg7 35. Kg2 Re8 36.
Nd6 Re5 37. Rc4 Rd5 38. Nc8 Rd7 39. Rc6+ Bf6 40. Nd6 h5 41. Nc4 Rd5 42. Nb6 Rd2 43. Kg1 h4 44. gxh4 gxh4 45. Nc4 Rd5 46. Kg2 Kg5 47.
Nd6 Rd2 48. Ne8 Be5 49. Kf3 h3 50. Rc5 h2 51. Rc1 Ra2 52. Kg2 Ra1 53. f4+ Kg4 54. Rxa1 Bxa1 55. Kxh2 Kf3 56. Nd6 Kxe3 57. Kg3 Bd4 58.
Nxf5+ Ke4 59. Nxd4 Kxd4 60. Kg4 Kd5 61. Kg5 Ke6 62. Kg6 Ke7 63. f5 Kf8 64. Kf6 Kg8 65.
Ke7 Kg7 66. f6+ 1-0

[Event "Early-Titled-Tuesday-Blitz-April-16-2024"]
[Site "Chess.com"]
[Date "2024.04.16"]
[Round "7"]
[White "MIss_MIaMI"]
[Black "UnTucopalaTimba"]
[Result "1-0"]
[WhiteElo "2363"]
[BlackElo "2025"]
[TimeControl "180+1"]
[EndTime "9:22:03 PDT"]
[Termination "MIss_MIaMI won on time"]

1. e4 c6 2. d4 d5 3. exd5 cxd5 4. Bb5+ Nc6 5. c4 Nf6 6. Nc3 a6 7. Ba4 Bf5 8. Nf3 e6 9. Bxc6+ bxc6 10. Qa4 dxc4 11.
Qxc6+ Nd7 12. Qxc4 Be7 13. O-O O-O 14. Bf4 Qc8 15. Qb3 Nf6 16. Rac1 Qd8 17. Rfd1 Nd5 18. Nxd5 Qxd5 19. Qxd5 exd5 20. Rc7 Bf6 21. Be5 Bd8 22. Rc5 Be6 23. b3 Bb6 24. Rc6 Bd8 25. h3 h6 26.
Rdc1 Be7 27. Rc7 Bb4 28. Rb7 Ba5 29. Rc5 Bd8 30. g4 Re8 31. Kg2 Be7 32. Rcc7 Bd8 33. Rc6 a5 34. Ne1 Be7 35. Nd3 a4 36. b4 Bc8 37.
Rbc7 Ba6 38. Nc5 Bc4 39. a3 Bxc5 40. bxc5 f6 41. Bf4 g5 42. Be3 Ra6 43. Rxa6 Bxa6 44. Rc6 Bc4 45. Rxf6 Kg7 46. Rb6 Rc8 47. Kg3 Rc7 48.
f4 Re7 49. Kf3 Bd3 50. fxg5 hxg5 51. Bxg5 Rf7+ 52. Kg3 Be4 53. Bf4 Rd7 54. Be5+ Kf7 55. c6 Rd8 56. c7 Rc8 57. Rb8 1-0

[Event "Early-Titled-Tuesday-Blitz-April-16-2024"]
[Site "Chess.com"]
[Date "2024.04.16"]
[Round "7"]
[White "dmosesov"]
[Black "MatthewG-p4p"]
[Result "0-1"]
[WhiteElo "2628"]
[BlackElo "2853"]
[TimeControl "180+1"]
[EndTime "9:22:04 PDT"]
[Termination "MatthewG-p4p won by checkmate"]

1. Nf3 c5 2. e4 g6 3. d4 cxd4 4. Qxd4 Nf6 5. e5 Nc6 6. Qa4 Nd5 7. Qe4 Nb6 8. Nc3 Bg7 9. h4 d5 10. exd6 Bf5 11. Qe2 O-O 12. Be3 exd6 13. Qd2 Nb4 14. Rc1 Rc8 15. Nd4 Bd7 16. h5 Re8 17. h6 Bh8 18. Be2 N4d5 19. Nxd5 Nxd5 20. Bg5 Qb6 21. Nb3 Nc3 22. Be3 Nxe2 23. Bxb6 Nxc1+ 24. Be3 Nxb3 25. axb3 Bxb2 26. O-O Bh8 27. c4 Be6 28. Bd4 f6 29. Qf4 Rf8 30. Qxd6 Rc6 31. Qg3 a6 32.
Re1 Bf7 33. Bc3 b5 34. cxb5 axb5 35. Bb4 Rfc8 36. Qf3 f5 37. Be7 Be6 38. Bg5 Bd4 39. Be3 Bh8 40. Qe2 b4 41. Rd1 Bxb3 42. Rb1 Bc4 43.
Qd2 b3 44. Qa5 Bf7 45. Kh2 b2 46. Bd4 Bxd4 47. Qa4 Be5+ 48. g3 Rc4 49. Qa3 Rc2 50.
Kg2 Bd4 51. Kh3 Rxf2 52. Qd6 Bh8 53. Qd7 Rfc2 54. Rd1 Rc1 55. Qd8+ Rxd8 56. Rxd8+ Be8 57. Rxe8+ Kf7 58. Rxh8 b1=Q 59. Rxh7+ Kf6 60. Rh8 Rh1+ 61. Kg2 Qf1# 0-1

[Event "Early-Titled-Tuesday-Blitz-April-16-2024"]
[Site "Chess.com"]
[Date "2024.04.16"]
[Round "7"]
[White "gau248"]
[Black "M1711"]
[Result "0-1"]
[WhiteElo "2573"]
[BlackElo "2699"]
[TimeControl "180+1"]
[EndTime "9:22:04 PDT"]
[Termination "M1711 won on time"]

1. e4 e6 2. d4 d5 3. Nd2 Be7 4.
Ngf3 Nf6 5. e5 Nfd7 6. c4 dxc4 7. Nxc4 O-O 8. Bd3 c5 9. Be3 Nc6 10. O-O cxd4 11. Bxd4 Nxd4 12. Nxd4 Nc5 13. Bc2 Qd5 14. b3 b6 15. Nb5 Bb7 16. Qg4 Qc6 17. Nbd6 Ba6 18.
Rad1 Rad8 19. Rd4 g6 20. Rfd1 Bxc4 21. bxc4 Nd7 22. Be4 Nxe5 23. Bxc6 Nxg4 24. Rxg4 Rxd6 25. Rxd6 Bxd6 26. Rd4 Be5 27. Rd7 a6 28. Bb7 a5 29.
g3 Kg7 30. Kg2 Rb8 31. Ba6 Bf6 32. Bb5 Rc8 33. Ba6 Rc5 34. Bb5 Rf5 35. g4 Rf4 36. h3 Bd4 37. Rd8 Rxf2+ 38. Kg3 Rd2 39. Kf3 Bc3 40.
Rxd2 Bxd2 41. Bc6 Bc3 42. Kg2 f5 43. Kf3 Kf6 44. Bd7 e5 45. Bc8 e4+ 46. Ke3 Ke5 47. gxf5 gxf5 48. Bb7 f4+ 49. Ke2 f3+ 50. Kf2 Kf4 51. Bd5 e3+ 52. Kg1 e2 0-1

[Event "Early-Titled-Tuesday-Blitz-April-16-2024"]
[Site "Chess.com"]
[Date "2024.04.16"]
[Round "7"]
[White "snowlord"]
[Black "h4parah5"]
[Result "1/2-1/2"]
[WhiteElo "2963"]
[BlackElo "3007"]
[TimeControl "180+1"]
[EndTime "9:22:06 PDT"]
[Termination "Game drawn by repetition"]

1. e4 c5 2. Nf3 Nc6 3. Bb5 e6 4.
O-O Nge7 5. d4 cxd4 6. Nxd4 a6 7. Nxc6 bxc6 8. Be2 d5 9. c4 d4 10. c5 Ng6 11.
Qa4 Qd7 12. b4 Be7 13. Rd1 O-O 14. Na3 e5 15. Nc4 Rb8 16. Na5 f5 17. Nxc6 Kh8 18.
b5 Rxb5 19. Bxb5 axb5 20. Qxb5 fxe4 21. Nxd4 exd4 22. Qxd7 Bxd7 23. Rxd4 Bc6 24. Rc4 Ne5 25. Rc2 Ba4 26. Re2 Bxc5 27. Be3 Bd6 28. Bd4 Bc6 29.
a4 Ra8 30. a5 Ra6 31. h3 h6 32. Rc2 Kh7 33. Rb1 Ba4 34. Ra2 Bd7 35. Rb6 Bc8 36.
Rxd6 Nf3+ 37. gxf3 Rxd6 38. Be5 Rg6+ 39. Bg3 exf3 40.
Ra3 Ra6 41. Bc7 Rc6 42. Bb6 Bxh3 43. Rxf3 Rg6+ 44. Kh2 Bg2 45. Ra3 Bb7 46. Rg3 Rxg3 47. Kxg3 Kg6 48. Bd4 Kf7 49. Kf4 g5+ 50. Kg4 Kg6 51.
Be3 h5+ 52. Kg3 Kf5 53. f3 h4+ 54. Kf2 g4 55. fxg4+ Kxg4 56. Bb6 Ba8 57. Bc7 Kf5 58. Bb8 h3 59. Bc7 h2 60. Bxh2 Ke6 61.
a6 Kd7 62. a7 Kc6 63. Bb8 Kb6 64. Bg3 Bc6 65. Bf4 Kb7 66. Be3 Ka8 67. Bd4 Bb7 68. Be3 Ba6 69. Bd4 Bb7 70. Be3 Ba6 71. Bd4 Bb7 1/2-1/2

[Event "Early-Titled-Tuesday-Blitz-April-16-2024"]
[Site "Chess.com"]
[Date "2024.04.16"]
[Round "7"]
[White "Polish_fighter3000"]
[Black "temiksmozg"]
[Result "0-1"]
[WhiteElo "3126"]
[BlackElo "2684"]
[TimeControl "180+1"]
[EndTime "9:22:08 PDT"]
[Termination "temiksmozg won by resignation"]

1. e4 c5 2. Nf3 e6 3. d4 cxd4 4. Nxd4 Nf6 5. Nc3 Nc6 6. Nxc6 bxc6 7. e5 Nd5 8. Ne4 Qc7 9. f4 Qb6 10. c4 Bb4+ 11. Ke2 Ba6 12. Kf3 f5 13. Nf2 Ne7 14.
Be3 Qb7 15. Qa4 g5 16. fxg5 Ng6 17. Nd3 c5+ 18. Kf2 Bxc4 19. Nxb4 Bxf1 20. Rhxf1 Qxb4 21. Qc2 Nxe5 22. Kg1 d6 23. Rad1 Ke7 24. Rf4 Qb7 25.
b4 cxb4 26. Qd2 Rhd8 27. Rxb4 Qa6 28. g6 hxg6 29. Bg5+ Kf7 30. Bxd8 Rxd8 31. Qh6 Qc6 32. Qh7+ Kf6 33. Qh4+ g5 34. Qh6+ Ng6 35. Rg4 Qc5+ 36.
Kh1 fxg4 37. Rf1+ Qf5 38. Rxf5+ exf5 39. Qh7 d5 40. Qxa7 Rd6 41. Qd4+ Ne5 42. Kg1 Ke6 43. a4 Nc6 44. Qe3+ Ne5 45. a5 d4 46. Qb3+ Kf6 47.
Qb4 Ke6 48. Qb3+ Kf6 49. Qa3 Ke6 50. a6 d3 51. a7 d2 52. Qb3+ Kf6 53. Qd1 Rd8 54.
Kf2 Nc4 55. Qa1+ Kg6 56. Ke2 Re8+ 57. Kd3 d1=Q+ 58. Qxd1 Nb2+ 0-1